 Dungeon Crawl Stone Soup version 0.24.1-8-ga250c9d538 (webtiles) character file.

Game seed: 3576806573392317724, levelgen mode: deterministic

1591 Gwenloh the Tainter (level 8, -1/72 HPs)
             Began as a Naga Venom Mage on May 10, 2020.
             Was a Believer of Cheibriados.
             Slain by a wight
             ... wielding a cursed +1 flail
              (7 damage)
             ... on level 6 of the Dungeon.
             The game lasted 00:39:59 (8387 turns).

Gwenloh the Tainter (Naga Venom Mage)               Turns: 8387, Time: 00:39:59

Health: -1/72      AC:  4    Str: 16    XL:     8   Next: 93%
Magic:  22/22      EV: 16    Int: 24    God:    Cheibriados [**....]
Gold:   331        SH:  0    Dex: 23    Spells: 4/14 levels left

rFire    . . .     SeeInvis +   a - +0 flail
rCold    . . .     Gourm    +   (no shield)
rNeg     + . .     Faith    .   A - +0 robe
rPois    +         Spirit   .   i - +0 helmet
rElec    .         Reflect  .   (no cloak)
rCorr    .         Harm     .   (no gloves)
MR       +....                  (no barding)
Stlth    ++++......             j - amulet of the gourmand
HPRegen  0.22/turn              x - ring of magical power
MPRegen  0.18/turn              w - ring of positive energy

@: agile, drained, very slow
A: large, see invisible, deformed body, poison resistance, slowness 2, slow
metabolism 1, spit poison 1, AC +2
a: Spit Poison, Bend Time, Renounce Religion


You were on level 6 of the Dungeon.
You worshipped Cheibriados.
Cheibriados was pleased with you.
You were completely stuffed.

You visited 2 branches of the dungeon, and saw 7 of its levels.

You collected 331 gold pieces.

Inventory:

Hand Weapons
 a - a +0 flail (weapon)
 b - a +0 shortbow
 l - a +0 trident
Missiles
 f - 6 atropa-tipped darts
 m - 132 stones (quivered)
 p - 8 poisoned darts
 s - 28 arrows
 D - 53 sling bullets
 G - 36 bolts
Armour
 i - a +0 helmet (worn)
 v - a +0 buckler
 A - a +0 robe (worn)
Magical Staves
 N - an uncursed staff of cold
Jewellery
 j - an amulet of the gourmand (around neck)
 o - an uncursed ring of protection from fire
 w - a ring of positive energy (right hand)
 x - a ring of magical power (left hand)
 z - an uncursed ring of protection from cold
 K - an uncursed ring of protection from fire
Wands
 B - a wand of flame (16)
Scrolls
 d - 4 scrolls of remove curse
 e - 2 scrolls of magic mapping
 k - 3 scrolls of enchant armour
 n - 2 scrolls of immolation
 q - a scroll of amnesia
 t - 5 scrolls of teleportation
 F - a scroll of blinking
 I - a scroll of fog
 J - a scroll of torment {unknown}
 L - a scroll of noise {unknown}
Potions
 r - a potion of brilliance
 u - 3 potions of agility
 C - a potion of resistance
 E - 2 potions of heal wounds {unknown}
 H - a potion of mutation {unknown}
Comestibles
 c - 7 rations
 M - a chunk of flesh


   Skills:
 + Level 3.7(2.8) Fighting
 + Level 3.6(2.7) Dodging
 - Level 3.0(2.2) Stealth
 + Level 3.9(3.1) Spellcasting
 + Level 3.8(2.9) Conjurations
 + Level 3.6(2.7) Air Magic
 * Level 8.4(7.4) Poison Magic
 + Level 3.2(2.3) Invocations


You had 4 spell levels left.
You knew the following spells:

 Your Spells              Type           Power        Failure   Level  Hunger
a - Sting                 Conj/Pois      ####         1%          1    None
b - Poisonous Vapours     Pois/Air       ####..       1%          2    ##.....
c - Mephitic Cloud        Conj/Pois/Air  ###.....     5%          3    ###....
d - Olgreb's Toxic Radia  Pois           #####...     4%          4    ####...

Your spell library contained the following spells:

 Spells                   Type           Power        Failure   Level  Hunger
 Venom Bolt               Conj/Pois      ####......   34%         5    ######.


Dungeon Overview and Level Annotations

Branches:
Dungeon (6/15)             Temple (1/1) D:5

Altars:
Ashenzari
Cheibriados
Fedhas
Gozag
Makhleb
Nemelex Xobeh
Okawaru
Ru
Sif Muna
Trog
Wu Jian
Zin
The Shining One


Innate Abilities, Weirdness & Mutations

You cannot wear boots.
Your serpentine skin is tough. (AC +2)
You have supernaturally acute eyesight. (SInv)
Armour fits poorly on your strangely shaped body.
Your system is resistant to poisons. (rPois)
You cover ground very slowly.
You have a slow metabolism.
You can spit poison.


Message History

You feel agile all of a sudden.
You hit the wight but do no damage.
The wight is heavily damaged.
The wight hits you with a cursed +1 flail!
* * * LOW HITPOINT WARNING * * *
The wight hits you but does no damage.
You hit the wight.
The wight is severely damaged.
The wight hits you with a cursed +1 flail.
* * * LOW HITPOINT WARNING * * *
You partially resist.
You feel drained.
The wight hits you with a cursed +1 flail!
* * * LOW HITPOINT WARNING * * *
The kobold closely misses you. The wight closely misses you.
The kobold barely misses you.
You hit the howler monkey skeleton.
The howler monkey skeleton is lightly damaged.
The howler monkey skeleton closely misses you.
The wight hits you with a cursed +1 flail!
You die...

#.##.###.#.# #
###..........#
#
#......###.###
# #)###### #.#
# #.# .# # #.#
. ###.###
#Kz...#
#.#@#.#
#K#KZ.#
#Kz#...#
(.........
...K.##...###
......# ##.##
.#..(# .# ##.#
.# ..


You could see a big kobold, a wight, a kobold and a howler monkey skeleton.

Vanquished Creatures
  A black bear (D:5)
  2 phantoms
  2 centaurs (D:5)
  Blork the orc (D:6)
  4 scorpions
  A crimson imp (D:4)
  A bullfrog zombie (D:5)
  2 hounds
  3 orc priests
  3 jellies (D:5)
  5 orc wizards
  2 bullfrog skeletons
  Natasha (thrice) (D:4)
  4 worker ants
  A killer bee zombie (D:5)
  A howler monkey zombie (D:5)
  9 adders
  2 shadow imps
  4 oozes
  2 worms
  A dart slug (D:2)
  8 leopard geckos
  7 orcs
  5 giant cockroaches
  4 hobgoblins
  4 jackals (D:3)
  5 kobolds
  2 quokkas
  13 bats
  4 frilled lizards
  9 goblins
  A leopard gecko zombie (D:4)
  6 rats
  A fungus (D:4)
123 creatures vanquished.

Vanquished Creatures (others)
  2 fungi (D:4)
2 creatures vanquished.

Grand Total: 125 creatures vanquished

Notes
Turn   | Place    | Note
-------+----------+-------------------------------------------
     0 | D:1      | Gwenloh the Naga Venom Mage began the quest for the Orb.
     0 | D:1      | Reached XP level 1. HP: 15/15 MP: 3/3
   257 | D:1      | Reached XP level 2. HP: 22/22 MP: 3/5
   282 | D:1      | Learned a level 2 spell: Poisonous Vapours
   585 | D:1      | Reached XP level 3. HP: 30/30 MP: 2/6
  1296 | D:2      | Reached XP level 4. HP: 32/37 MP: 4/7
  1358 | D:2      | Reached skill level 1 in Fighting
  1358 | D:2      | Reached skill level 5 in Poison Magic
  1385 | D:2      | Found a snail-covered altar of Cheibriados.
  1440 | D:2      | Became a worshipper of Cheibriados the Contemplative
  1536 | D:2      | HP: 1/38 [poisoned by an adder]
  1771 | D:2      | Found an iron altar of Okawaru.
  2494 | D:3      | Found an ornate altar of the Wu Jian Council.
  2573 | D:3      | Learned a level 3 spell: Mephitic Cloud
  2790 | D:3      | Reached skill level 1 in Air Magic
  3215 | D:3      | Reached * piety under Cheibriados
  3486 | D:4      | Reached XP level 5. HP: 29/44 MP: 5/8
  3492 | D:4      | Noticed Natasha
  3499 | D:4      | Killed Natasha
  3627 | D:3      | HP: 2/44 [orc priest/+0 flail (1)]
  3633 | D:3      | HP: 2/45 [orc (1)]
  3920 | D:4      | Reached XP level 6. HP: 26/52 MP: 7/10
  4154 | D:4      | Reached skill level 6 in Poison Magic
  4195 | D:4      | Noticed Natasha
  4202 | D:4      | Killed Natasha
  4540 | D:4      | Learned a level 4 spell: Olgreb's Toxic Radiance
  4646 | D:4      | Reached ** piety under Cheibriados
  4935 | D:4      | Reached skill level 1 in Invocations
  4935 | D:4      | Reached XP level 7. HP: 60/60 MP: 7/11
  5455 | D:4      | Noticed Natasha
  5461 | D:4      | Killed Natasha
  5493 | D:5      | Entered Level 5 of the Dungeon
  5536 | D:5      | Found a staircase to the Ecumenical Temple.
  5656 | Temple   | Entered the Ecumenical Temple
  6180 | D:5      | Reached skill level 7 in Poison Magic
  6300 | D:5      | Reached XP level 8. HP: 38/68 MP: 13/13
  7685 | D:6      | Reached skill level 8 in Poison Magic
  7923 | D:6      | Noticed Blork the orc
  7930 | D:6      | Reached *** piety under Cheibriados
  7940 | D:6      | Killed Blork the orc
  8311 | D:6      | Found a glowing golden altar of the Shining One.
  8387 | D:6      | Slain by a wight

Levels and vault maps discovered:
D:1:      grunt_arrival_crossed_arrows, layout_basic, minmay_quantized
D:2:      layout_loops_ring, nicolae_overflow_crystal_walls, serial_forest,
          infiniplex_forest_clump_tiny, infiniplex_forest_clump_C,
          infiniplex_forest_clump_cross, infiniplex_forest_lined_corner,
          infiniplex_forest_lined_4_way, infiniplex_forest_clump_double,
          infiniplex_forest_clump_C, infiniplex_forest_zigzag_2,
          infiniplex_forest_corner_2, okawaru_ov_weapons_minmay
D:3:      layout_basic, nicolae_overflow_hidden_temple
D:4:      old_forge, layout_cave_pools, first_ration, gup_sewer_entry_pipe,
          uniq_natasha
D:5:      layout_basic, temple_pool_b, chequers_jeans, lemuel_another_geyser
D:6:      layout_loops_ring, grunt_temple_overflow_open, basic_altar,
          uniq_blork_the_orc
Temple:   compressed_dpeg_triangle_lava_temple

Skill      XL: |  1  2  3  4  5  6  7  8 |
---------------+-------------------------+-----
Dodging        | 2 3 |  3.6
Fighting       | 1 2 3 |  3.7
Poison Magic   | 5 6 7 8 |  8.4
Air Magic      | 1 2 3 |  3.6
Conjurations   | 2 3 |  3.8
Spellcasting   | 3 |  3.9
Invocations    | 1 2 3 |  3.2
Stealth        | |  3.0

Action                   |  1- 3 |  4- 6 |  7- 9 || total
-------------------------+-------+-------+-------++-------
Melee: Unarmed           |     2 |       |       ||     2
       Club              |    12 |       |       ||    12
       Spear             |    11 |    95 |       ||   106
       Flail             |       |    14 |    41 ||    55
       Eveningstar       |       |       |   114 ||   114
 Fire: Shortbow          |       |       |    62 ||    62
Throw: Dart              |     5 |       |       ||     5
       Stone             |       |    18 |     1 ||    19
 Cast: Sting             |    14 |    19 |    14 ||    47
       Poisonous Vapours |    16 |    29 |    30 ||    75
       Mephitic Cloud    |       |     2 |     2 ||     4
Invok: Bend Time         |       |     1 |    10 ||    11
 Abil: Spit Poison       |       |     4 |     8 ||    12
  Use: Potion            |       |     4 |     2 ||     6
       Scroll            |       |       |    12 ||    12
 Stab: Sleeping          |       |     2 |       ||     2
  Eat: Chunk             |     2 |     7 |    17 ||    26
       Ration            |       |     1 |       ||     1
Armor: Robe              |     6 |    24 |    44 ||    74
Dodge: Dodged            |    16 |    71 |   111 ||   198
